[Event "*** Titled Tuesday Blitz"]
[Site "Chess.com"]
[Date "2020.05.26"]
[Round "3"]
[White "MYMChessAcademy"]
[Black "H3nriqueTV"]
[Result "1-0"]
[WhiteElo "2427"]
[BlackElo "2196"]
[TimeControl "180+1"]
[EndTime "10:28:32 PDT"]
[Termination "MYMChessAcademy won by resignation"]

1. e4 c6 2. d4 d5 3. e5 Bf5 4. h4 h6 5. g4 Bg6 6. h5 Bh7 7. e6 Nf6 8. Bd3 Qd6 9. exf7+ Kxf7 10. Bxh7 Rxh7 11. Nc3 Nbd7 12. Be3 e5 13. Qf3 exd4 14.
Bxd4 Ne5 15. Qf5 Re8 16. O-O-O Qe6 17. Qxe5 Qxe5 18. Bxe5 Rxe5 19. Nf3 Re8 20. g5 hxg5 21. Nxg5+ Kg8 22. Nxh7 Kxh7 23. Rde1 Rd8 24. Re6 Bb4 25.
Ne2 Ne4 26. h6 Bd2+ 27. Kb1 Bxh6 28. Ng3 Rf8 29. Nh5 Nxf2 30. Rf1 Rf5 31. Ng3 Rf3 32.
Nh1 Ne4 33. Rxf3 Nd2+ 34. Ka1 Nxf3 35. Re7 Nd4 36. c3 Nb5 37. Rxb7 a5 38. a4 Nd6 39. Ra7 Nc4 40. b3 Nd2 41. Ka2 Ne4 42. c4 dxc4 43.
bxc4 Bd2 44. Ra6 c5 45. Re6 Nf6 46. Nf2 Kg6 47. Nd3 Kf7 48. Rc6 Ne4 49. Nxc5 Nc3+ 50.
Kb3 Ne2 51. Kb2 Bb4 52. Rc7+ Kf6 53. Nb7 g5 54. c5 g4 55. c6 g3 56. Rc8 g2 57. Rg8 g1=Q 58. Rxg1 Nxg1 59. c7 1-0

[Event "*** Titled Tuesday Blitz"]
[Site "Chess.com"]
[Date "2020.05.26"]
[Round "3"]
[White "CMS13"]
[Black "MergenKakabaev"]
[Result "1-0"]
[WhiteElo "2200"]
[BlackElo "2397"]
[TimeControl "180+1"]
[EndTime "10:28:32 PDT"]
[Termination "CMS13 won on time"]

1. e4 e5 2. Bc4 Nc6 3. Nc3 Nf6 4. d3 Bc5 5. f4 Bxg1 6. Rxg1 d6 7. f5 Na5 8. Bb3 Nxb3 9. axb3 b6 10. Be3 Bb7 11.
g4 h6 12. Bf2 Qd7 13. Qd2 a5 14. Na4 d5 15. exd5 Bxd5 16. Bxb6 cxb6 17. Nxb6 Qa7 18.
Qf2 Rb8 19. Nxd5 Qxf2+ 20. Kxf2 Nxd5 21. Rxa5 Rd8 22. h4 O-O 23. g5 h5 24. f6 g6 25. Re1 Rfe8 26. d4 e4 27. Kg3 e3 28.
c4 Nb4 29. d5 e2 30. Kf3 Nc2 31. Kf2 Nxe1 32. Kxe1 Rb8 33. Ra3 Re3 34. c5 Rexb3 35. Rxb3 Rxb3 36. c6 Rxb2 37. c7 Rc2 38. d6 Kh7 39. d7 Rxc7 40. d8=Q Ra7 41. Qf8 Ra1+ 42. Kxe2 Re1+ 43. Kd3 1-0

[Event "*** Titled Tuesday Blitz"]
[Site "Chess.com"]
[Date "2020.05.26"]
[Round "3"]
[White "suyu28"]
[Black "TigrVShlyape"]
[Result "0-1"]
[WhiteElo "2621"]
[BlackElo "2851"]
[TimeControl "180+1"]
[EndTime "10:28:33 PDT"]
[Termination "TigrVShlyape won by resignation"]

1. d4 d5 2. Bf4 c5 3. e3 cxd4 4. exd4 Nc6 5. c3 Nf6 6. Bd3 Bg4 7. f3 Bh5 8. Ne2 e6 9. O-O Bg6 10. Bg3 Qb6 11. Bxg6 hxg6 12. Qd2 Be7 13. Nc1 e5 14.
Nb3 e4 15. Qf2 exf3 16. gxf3 O-O 17. Nc5 Rfe8 18. Na3 Bf8 19. b4 Ne7 20. Nc2 Nf5 21.
Rfe1 Qc6 22. Rxe8 Rxe8 23. Re1 b6 24. Rxe8 Nxe8 25. Qe2 bxc5 26. dxc5 Nxg3 27. hxg3 Bxc5+ 28. bxc5 Qxc5+ 29. Kg2 Nc7 30. Qd3 Nb5 31. Ne3 Nxc3 32. Qd2 Qa5 33. Nd1 Qxa2 34. Qxa2 Nxa2 35. Kf2 Nb4 36.
Ke3 Nc6 37. Kd3 f6 38. Nc3 Ne7 39. Kd4 Kf7 40. Kc5 Ke6 41. Nb5 a5 42. Nd4+ Ke5 43. g4 g5 44. Ne2 a4 45. Nd4 a3 46. Nc2 a2 47. Kb4 Kf4 48. Kb3 Kxf3 49. Kxa2 Kxg4 50. Kb3 Kf3 51. Kc3 Kf2 52. Nd4 g4 53. Kd3 g3 54. Nf5 Nxf5 0-1

[Event "*** Titled Tuesday Blitz"]
[Site "Chess.com"]
[Date "2020.05.26"]
[Round "3"]
[White "vladislavkovalev"]
[Black "Gennady_Kozlov"]
[Result "1/2-1/2"]
[WhiteElo "2875"]
[BlackElo "2568"]
[TimeControl "180+1"]
[EndTime "10:28:33 PDT"]
[Termination "Game drawn by repetition"]

1. e4 e6 2. d4 d5 3. Bd3 Nf6 4. e5 Nfd7 5. f4 c5 6. c3 Nc6 7. Nf3 Qb6 8. Bc2 cxd4 9. cxd4 f6 10. Nc3 Bb4 11. a3 Bxc3+ 12. bxc3 O-O 13. Be3 fxe5 14. fxe5 Ndxe5 15. Nxe5 Nxe5 16. Rb1 Qa5 17. dxe5 Qxc3+ 18. Qd2 Qxe5 19. Qd4 Qh5 20. Rb4 b6 21. Qh4 Qxh4+ 22. Rxh4 g6 23. Bh6 Rf7 24. Rf4 e5 25. Rxf7 Kxf7 26.
Rf1+ Ke6 27. Bg5 e4 28. Bf6 Ba6 29. Rf2 e3 30. Rf3 Rc8 31. Bd1 Rc4 32. Bb2 d4 33.
Be2 Rc2 34. Bxa6 Rxb2 35. Rf8 Rxg2 36. Rd8 Ke5 37. Bb7 Rxh2 38. Rd5+ Ke6 39. Rxd4 e2 40.
Ba6 Ke5 41. Ra4 g5 42. Bxe2 a5 43. Rc4 h5 44. Rc6 g4 45. Rxb6 g3 46. Rb5+ Kf4 47.
Rxh5 Rg2 48. Rh7 Rg1+ 49. Kd2 Ra1 50. Rf7+ Ke4 51. Rf3 Ra2+ 52. Ke1 Ra1+ 53. Kd2 Ra2+ 54. Ke1 Ra1+ 55. Kd2 1/2-1/2

[Event "*** Titled Tuesday Blitz"]
[Site "Chess.com"]
[Date "2020.05.26"]
[Round "3"]
[White "Gogolev_Artemy"]
[Black "avantage_ru"]
[Result "1-0"]
[WhiteElo "2442"]
[BlackElo "2707"]
[TimeControl "180+1"]
[EndTime "10:28:33 PDT"]
[Termination "Gogolev_Artemy won by resignation"]

1. d4 b5 2. e4 Bb7 3. Bd3 e6 4. Nf3 c5 5. c3 c4 6. Bc2 d5 7. Nbd2 dxe4 8. Nxe4 Nd7 9. O-O Ngf6 10. Qe2 Qc7 11.
a4 b4 12. Nxf6+ gxf6 13. cxb4 Bxb4 14. Bh6 Rg8 15. Be4 Nb6 16. Bf4 Qxf4 17. Bxb7 Rd8 18. Rac1 Kf8 19. Rfd1 Qb8 20. Be4 f5 21. Bb1 Nd5 22.
Qxc4 Bd6 23. Ne5 Bxe5 24. dxe5 Qxe5 25. Ba2 Qxb2 26. Qc5+ Kg7 27. Bxd5 exd5 28. Qxa7 d4 29. Qc5 Rc8 30. Qxc8 Rxc8 31. Rxc8 Qb3 32. Rcc1 Qb2 33.
Ra1 Qb6 34. a5 Qa7 35. a6 Kf6 36. h3 f4 37. Ra4 f3 38. gxf3 Kg7 39. Rdxd4 h6 40. Rg4+ Kh7 41. Rgb4 Kg6 42. Rb7 Qa8 43. Rbb4 Qa7 44. Rg4+ Kh7 45. Rgb4 Kg7 46. Kg2 Kg6 47. Rb5 Kg7 48. Rba5 Kh7 49. Rf5 Kg6 50. Rd5 Kh7 51. Rd6 Kg7 52. Rh4 Qe7 53. Rg4+ Kh7 54. Rgd4 Qa7 55. Rf4 Kg7 56. Rdf6 Kg8 57. Rxf7 Qxa6 58. Rf8+ 1-0

[Event "*** Titled Tuesday Blitz"]
[Site "Chess.com"]
[Date "2020.05.26"]
[Round "3"]
[White "adiosabu"]
[Black "atwalcb"]
[Result "1-0"]
[WhiteElo "2603"]
[BlackElo "2400"]
[TimeControl "180+1"]
[EndTime "10:28:33 PDT"]
[Termination "adiosabu won by resignation"]

1. e4 d6 2. d4 Nf6 3. Nc3 Nbd7 4. Nf3 e5 5. h3 c6 6. a4 b6 7. g4 g6 8. dxe5 dxe5 9. Bc4 Qe7 10. Ng5 Bg7 11.
Bxf7+ Kf8 12. Ba2 Nc5 13. b4 Ne6 14. Nxe6+ Bxe6 15. Bxe6 Qxe6 16. Qf3 Ke7 17. Ba3 Rhf8 18. Qe2 Bh6 19. O-O Bf4 20. Rad1 Rad8 21. Qa6 Rd7 22. Rxd7+ Qxd7 23. Rd1 Qc7 24. a5 h5 25. axb6 axb6 26.
f3 hxg4 27. hxg4 Be3+ 28. Kg2 Nd7 29. b5+ Nc5 30. Bxc5+ Bxc5 31. bxc6 Qxc6 32. Nd5+ Ke6 33. Qc4 b5 34. Qb3 Bd4 35. c3 Qc4 36. Qxc4 bxc4 37.
cxd4 Rc8 38. dxe5 Kxe5 39. Rc1 Kd4 40. Ne7 Rc7 41. Nxg6 Ke3 42. Ne5 c3 43. g5 c2 44. g6 Kd2 45. Rxc2+ Kxc2 46. Kg3 Kc3 47. Kf4 Kd4 48. Ng4 Kc5 49. Kf5 Kd6 50. Kf6 Rc8 51.
g7 Kd7 52. e5 Re8 53. f4 Re6+ 54. Kf5 Re8 55. Nf6+ 1-0

[Event "*** Titled Tuesday Blitz"]
[Site "Chess.com"]
[Date "2020.05.26"]
[Round "3"]
[White "SARGISMV"]
[Black "K_A_S_T_O_R"]
[Result "1/2-1/2"]
[WhiteElo "2433"]
[BlackElo "2715"]
[TimeControl "180+1"]
[EndTime "10:28:34 PDT"]
[Termination "Game drawn - insufficient material"]

1. Nf3 c5 2. b3 d5 3. Bb2 f6 4. c4 d4 5. e3 e5 6. exd4 cxd4 7. d3 Nc6 8. g3 Bf5 9. a3 a5 10. Bg2 g5 11. O-O Nge7 12. Qe2 Ng6 13. Nbd2 Be7 14. Ne4 O-O 15. Rab1 Qd7 16. Bc1 b6 17. Re1 Kg7 18. Qf1 h5 19. h4 gxh4 20. Nxh4 Nxh4 21. gxh4 Bg6 22. Bh3 Bf5 23. Kh2 Kf7 24. Ng3 Bxh3 25. Qxh3 Qxh3+ 26. Kxh3 Kg6 27. Rg1 Rh8 28. f4 Kf7 29.
fxe5 Nxe5 30. Rd1 Ke6 31. b4 axb4 32. axb4 Ra2 33. Bf4 Nf3 34. Ne4 Rg8 35. c5 bxc5 36. Nxc5+ Bxc5 37. bxc5 Rg4 38. Bd6 Nxh4 39. Rf1 Nf5 40.
Rbe1+ Ne3 41. Rf4 f5 42. Rxd4 Rxd4 43. Rxe3+ Kd5 44. Re5+ Kc6 45. Rxf5 Rxd3+ 46. Kh4 Ra8 47. Kxh5 Rg8 48. Rg5 Rh8+ 49. Kg4 Rd4+ 50. Kf5 Re8 51. Kg6 Re6+ 52. Kf7 Rde4 53. Rf5 Rh6 54. Rf6 Rh7+ 55. Kg6 Rd7 56. Bf8+ Kc7 57. Bd6+ Kb7 58. Rf7 Rg4+ 59. Kf6 Rxf7+ 60. Kxf7 Kc6 61. Ke6 Rc4 62. Ke5 Rc2 63. Ke6 Re2+ 64. Kf5 Kd5 65. Kf4 Re4+ 66. Kf5 Rc4 67.
Kf6 Re4 68. Kf5 Re1 69. Kf6 Kc6 70. Kf5 Kd5 71. Kf6 Re6+ 72. Kf7 Rxd6 73. cxd6 Kxd6 1/2-1/2

[Event "*** Titled Tuesday Blitz"]
[Site "Chess.com"]
[Date "2020.05.26"]
[Round "3"]
[White "GOGIEFF"]
[Black "kleinebeer98"]
[Result "1/2-1/2"]
[WhiteElo "2898"]
[BlackElo "2670"]
[TimeControl "180+1"]
[EndTime "10:28:35 PDT"]
[Termination "Game drawn by stalemate"]

1. d4 d5 2. c4 Nc6 3. cxd5 Qxd5 4. Nf3 e5 5. e3 exd4 6. exd4 Bb4+ 7. Nc3 Bg4 8. Be2 Bxf3 9. Bxf3 Qc4 10. Bxc6+ Qxc6 11. O-O Ne7 12. d5 Qd7 13. Qb3 Bxc3 14. bxc3 O-O 15.
Ba3 Rfd8 16. c4 b5 17. cxb5 Nxd5 18. Bb2 a6 19. Qg3 f6 20. bxa6 Rxa6 21. Rfd1 Qf7 22. a4 Rda8 23. Qg4 c5 24. h4 h5 25. Qe4 Nb4 26. a5 Re8 27. Qf3 c4 28. Ra4 Nd3 29. Bc3 Rc8 30. Raa1 Qg6 31. Rab1 Rc5 32. Rb6 Rxb6 33.
axb6 Rb5 34. Bd4 Qf7 35. Ra1 Qd7 36. Ra8+ Kh7 37. Qe4+ f5 38. Qe3 Rb1+ 39. Kh2 Qd6+ 40. f4 Nxf4 41. Be5 Qc6 42. Qxf4 Qg6 43. Qg5 Qxg5 44.
hxg5 Rxb6 45. Rc8 Rg6 46. Bf4 Re6 47. Rxc4 Kg6 48. g3 h4 49. gxh4 Kh5 50. Bg3 g6 51. Kh3 f4 52. Rxf4 Re3 53. Kg2 Rxg3+ 54. Kxg3 1/2-1/2

[Event "*** Titled Tuesday Blitz"]
[Site "Chess.com"]
[Date "2020.05.26"]
[Round "3"]
[White "Fins0905"]
[Black "Playgood28"]
[Result "1-0"]
[WhiteElo "2657"]
[BlackElo "2299"]
[TimeControl "180+1"]
[EndTime "10:28:35 PDT"]
[Termination "Fins0905 won on time"]

1. e4 e5 2. Nf3 d6 3. d4 exd4 4. Nxd4 Nf6 5. Nc3 Be7 6. Bf4 O-O 7. Qd2 a6 8. O-O-O b5 9. f3 c5 10. Nf5 Bxf5 11. exf5 Nc6 12. Kb1 Nd4 13. Bd3 Rb8 14.
g4 b4 15. Ne4 Nxe4 16. Bxe4 d5 17. Bxb8 dxe4 18. Be5 exf3 19. Qf4 Qb6 20. Bxd4 cxd4 21. Qxf3 Bf6 22. h4 a5 23. g5 Be5 24. Qd5 Qc7 25.
Rhe1 Bg3 26. Re4 Bf2 27. f6 Rc8 28. Re2 Be3 29. fxg7 Kxg7 30. Qf5 Qc4 31. Rg2 a4 32. Qd3 Qc6 33. Re2 a3 34. h5 axb2 35. h6+ Kg8 36.
Rf1 Qe6 37. Qb3 Qxb3 38. axb3 Rc5 39. Kxb2 Rxg5 40. Ra1 f6 41. Ra7 Rg6 42. Rh2 Rxh6 43. Rxh6 Bxh6 44. Rd7 Bd2 45. Kb1 Bc3 46. Kc1 h5 47. Kd1 Kf8 48. Ke2 Ke8 49. Rh7 Kf8 50.
Kf3 Kg8 51. Rxh5 Kg7 52. Rb5 Kg6 53. Kg4 1-0

[Event "*** Titled Tuesday Blitz"]
[Site "Chess.com"]
[Date "2020.05.26"]
[Round "3"]
[White "mrkvoz"]
[Black "ChessQueen"]
[Result "0-1"]
[WhiteElo "2834"]
[BlackElo "2636"]
[TimeControl "180+1"]
[EndTime "10:28:36 PDT"]
[Termination "ChessQueen won by resignation"]

1. e4 c6 2. Nc3 d5 3. d3 dxe4 4. Nxe4 Nf6 5. Qe2 Nxe4 6. dxe4 e5 7. Nf3 Be7 8. Bd2 Qc7 9. Bc3 f6 10. O-O-O Be6 11. Kb1 Nd7 12. Nh4 O-O-O 13. Nf5 Bxf5 14. exf5 Nb6 15. Bd2 Rd4 16. c3 Rd5 17. g3 Rhd8 18.
Bg2 R5d6 19. Bc1 Qd7 20. Rxd6 Qxd6 21. Be4 Kb8 22. Bc2 Qc5 23. f4 Qc4 24. Qh5 h6 25. fxe5 fxe5 26. Re1 Bf6 27. Qe2 Qxe2 28. Rxe2 h5 29. h4 Nd5 30. Be4 Ne7 31. Kc2 Kc7 32.
Be3 b6 33. a4 Nd5 34. Bd2 Ne7 35. Rf2 Rh8 36. b3 Nd5 37. c4 Ne7 38. Bc3 c5 39. Re2 Kd6 40. Rd2+ Kc7 41. a5 Nc6 42. Bxc6 Kxc6 43.
Kd3 e4+ 44. Kc2 Re8 45. Re2 Bxc3 46. Kxc3 Re5 47. Kd2 bxa5 48. Ke3 Rxf5 49. Kxe4 Rf6 50. Ra2 Kb6 51. Rd2 Rg6 52. Kf4 Rg4+ 53. Kf3 Rd4 54. Rxd4 cxd4 55. Ke4 Kc5 56. Kd3 g6 57. Ke4 a4 58. bxa4 Kxc4 59. a5 d3 60. Ke3 Kc3 61. Kf4 d2 62. Kg5 d1=Q 63. Kxg6 Qg4+ 0-1

[Event "*** Titled Tuesday Blitz"]
[Site "Chess.com"]
[Date "2020.05.26"]
[Round "3"]
[White "ljuks68"]
[Black "Ranindu2003"]
[Result "0-1"]
[WhiteElo "2322"]
[BlackElo "2526"]
[TimeControl "180+1"]
[EndTime "10:28:36 PDT"]
[Termination "Ranindu2003 won on time"]

1. e4 g6 2. d4 Bg7 3. Nc3 d6 4. f4 Nf6 5. Bd3 O-O 6. Nf3 Na6 7. e5 dxe5 8. dxe5 Nd5 9. O-O Nc5 10. Nxd5 Qxd5 11. Be2 Qxd1 12. Rxd1 f6 13. Be3 Na4 14. Bc4+ Kh8 15. Bb3 Nb6 16. a4 fxe5 17. Nxe5 Bxe5 18. fxe5 Bf5 19. h3 h5 20. Bg5 e6 21. Bf6+ Kh7 22. a5 Nd5 23. Bxd5 exd5 24. Rxd5 Be6 25. Rd4 b6 26. a6 Rf7 27. g4 Raf8 28. Kh2 g5 29. gxh5 Rxf6 30. exf6 Rxf6 31. Rg1 Kh6 32. Rd8 Rf2+ 33. Rg2 Rf3 34. h4 g4 35. Ra8 Rh3+ 36. Kg1 Bd5 37. Rxg4 Bxa8 38. Rg6+ Kh7 39. Rg4 Bf3 40.
Rf4 Rh1+ 0-1

[Event "*** Titled Tuesday Blitz"]
[Site "Chess.com"]
[Date "2020.05.26"]
[Round "3"]
[White "bluejay1897"]
[Black "tteshan"]
[Result "0-1"]
[WhiteElo "2367"]
[BlackElo "2184"]
[TimeControl "180+1"]
[EndTime "10:28:37 PDT"]
[Termination "tteshan won by resignation"]

1. Nf3 c5 2. g3 Nc6 3. Bg2 g6 4. c4 Bg7 5. Nc3 e6 6. O-O Nge7 7. b3 O-O 8. Bb2 d5 9. cxd5 exd5 10. Rc1 b6 11. e3 Bb7 12. d4 cxd4 13. Nxd4 Nxd4 14.
exd4 Re8 15. Re1 h5 16. Qd2 Rc8 17. Nb5 a6 18. Rxc8 Nxc8 19. Nc3 Rxe1+ 20. Qxe1 Bxd4 21. Qd2 Bxc3 22. Qxc3 d4 23. Qxd4 Qxd4 24. Bxd4 Bxg2 25. Kxg2 Kf8 26. Kf3 Ke7 27. Ke4 Ke6 28. a4 b5 29.
axb5 axb5 30. Bc5 Nd6+ 31. Bxd6 Kxd6 32. Kd4 f6 33. f4 Kc6 34. h3 Kd6 35. g4 h4 36. g5 fxg5 37. fxg5 Ke6 38. Kc5 Kf5 39. Kxb5 Kf4 40. Kc6 Kg3 41. b4 Kxh3 42. b5 Kg2 43. b6 h3 44. b7 h2 45. b8=Q h1=Q 46. Kd7 Qd1+ 47. Ke6 Qd3 48. Qe5 Kf3 49. Kf6 Kg4 50.
Qe6+ Kh5 51. Qh3+ Qxh3 0-1

[Event "*** Titled Tuesday Blitz"]
[Site "Chess.com"]
[Date "2020.05.26"]
[Round "3"]
[White "ftorodent"]
[Black "OparinGrigoriy"]
[Result "0-1"]
[WhiteElo "2660"]
[BlackElo "2906"]
[TimeControl "180+1"]
[EndTime "10:28:38 PDT"]
[Termination "OparinGrigoriy won by resignation"]

1. d4 f5 2. Nc3 Nf6 3. Bg5 e6 4. e4 fxe4 5. Nxe4 Be7 6. Bxf6 Bxf6 7. Nf3 Nc6 8. c3 O-O 9. Bd3 d6 10. Qc2 h6 11. O-O e5 12. Nxf6+ Qxf6 13. dxe5 Nxe5 14.
Nxe5 Qxe5 15. Rae1 Qf6 16. Re3 Be6 17. Rfe1 Bd5 18. Be4 Bxe4 19. Rxe4 d5 20. Re6 Qf5 21.
Qe2 Rf7 22. Re5 Qd7 23. Qd3 c6 24. f3 Raf8 25. Qd4 a6 26. Qc5 Qd8 27. a4 a5 28.
Re6 Qg5 29. R6e5 Qd2 30. Qf2 Qf4 31. Qc5 Qxa4 32. Re8 Qc2 33. Qb6 Qd2 34. R8e2 Qg5 35.
Re5 Qd8 36. Qe3 Qd6 37. Re6 Qf4 38. Qc5 a4 39. R6e2 h5 40. Re7 h4 41. h3 Qg5 42.
Rxf7 Rxf7 43. Qf2 Qf4 44. Re8+ Kh7 45. Qc2+ g6 46. Qd1 Kg7 47. Qe1 Qf6 48. Re6 Qg5 49. Re5 Qg3 50. Qe3 Qf4 51. Qe1 b5 52.
Re8 Qf6 53. Re6 Qg5 54. Re5 Qg3 55. Qe2 Qf4 56. Re8 d4 57. cxd4 Qxd4+ 58. Kh1 Qf6 59. Rc8 Re7 60. Qd2 Qe6 61. Qd8 Qe1+ 62. Kh2 Qg3+ 0-1

[Event "*** Titled Tuesday Blitz"]
[Site "Chess.com"]
[Date "2020.05.26"]
[Round "3"]
[White "ChessicallyInclined"]
[Black "12teen"]
[Result "1-0"]
[WhiteElo "2523"]
[BlackElo "2725"]
[TimeControl "180+1"]
[EndTime "10:28:38 PDT"]
[Termination "ChessicallyInclined won on time"]

1. d4 b6 2. e4 Bb7 3. Bd3 e6 4.
Qe2 Nf6 5. Nf3 d5 6. e5 Nfd7 7. O-O Be7 8. Nbd2 c5 9. c3 Nc6 10. a3 a6 11. b4 g5 12. Rb1 g4 13. Ne1 cxd4 14. cxd4 Nxd4 15. Qxg4 Nc6 16. Qg7 Rf8 17. Nef3 Qc7 18. Bb2 O-O-O 19. b5 axb5 20. Bxb5 Nc5 21. Bxc6 Bxc6 22. Nd4 Bb7 23. N2f3 Qd7 24. Bc1 f5 25. exf6 Bxf6 26. Qxd7+ Kxd7 27. Rxb6 e5 28. Ne6 Nxe6 29. Rxb7+ Kc6 30. Rxh7 e4 31. Nd2 Rh8 32. Rxh8 Rxh8 33. Nb3 d4 34. Re1 Kd5 35. Nd2 Nc5 36. a4 Nd3 37. Rd1 Nxc1 38. Rxc1 Bg5 39. Rd1 d3 40. Nf1 Kd4 41. g3 Kc3 42. f4 exf3 43. Kf2 Kc2 44. Ra1 Rf8 45. h4 Bc1 46. a5 Bb2 47. Ne3+ Kb3 48. Rd1 Kc3 49. a6 Ba3 50.
g4 d2 51. a7 Bc5 52. a8=Q Rxa8 53. Kxf3 Rf8+ 54. Nf5 Kc2 55. Rh1 d1=Q+ 56. Rxd1 Kxd1 57. Ke4 Ke2 58. g5 Kf2 59. Kf4 Be3+ 60. Kg4 Bd2 61. g6 Rf6 62. h5 Bb4 63. g7 1-0

[Event "*** Titled Tuesday Blitz"]
[Site "Chess.com"]
[Date "2020.05.26"]
[Round "3"]
[White "Oleksandr_Bortnyk"]
[Black "lucliasco"]
[Result "1/2-1/2"]
[WhiteElo "2978"]
[BlackElo "2692"]
[TimeControl "180+1"]
[EndTime "10:28:39 PDT"]
[Termination "Game drawn by agreement"]

1. d4 d5 2. Nc3 Bf5 3. Bf4 e6 4. e3 Bd6 5. Nf3 Ne7 6. Be2 O-O 7. Ne5 Nd7 8. g4 Bg6 9. h4 h6 10. g5 hxg5 11. hxg5 Bxe5 12. dxe5 c5 13. Bd3 c4 14. Bxg6 Nxg6 15. Qh5 Re8 16. O-O-O Kf8 17. Nxd5 exd5 18. Rxd5 Qc8 19. e6 Rxe6 20. Bd6+ Ke8 21. Ba3 Qc6 22. Rd4 Rc8 23. Qh7 Ndf8 24. Qh3 b5 25. Rhd1 a5 26. Bd6 b4 27. Qf5 Ne7 28. Qxa5 b3 29. axb3 cxb3 30.
c3 Nd7 31. Bb4 Re5 32. Rxd7 Rxa5 33. Rxe7+ Kf8 34. Rc7+ Kg8 35. Rxc6 Ra1+ 36. Kd2 Rxd1+ 37. Kxd1 Rxc6 38. Kd2 f6 39. gxf6 Rxf6 40. f4 g5 41. fxg5 Rf2+ 42. Kd3 Rxb2 43. Kc4 Rb1 44. Ba3 Kf7 45.
e4 Ke6 46. Bc5 b2 47. Kb3 Rg1 48. Kxb2 Rxg5 49. Bd4 Rg4 50. e5 Kd5 51. Kb3 Rg8 52.
Kc2 Kc4 53. Kd2 Rg3 54. Ke2 Kd5 55. Kf2 Rg6 56. Kf3 Re6 57. Kf4 Re8 58. Kf5 Rf8+ 59. Kg6 Ke6 60. Kg5 Rf1 61. Kg4 Rf7 62. Kg3 Rf1 63.
Kg4 Rf7 64. Kg5 Rf1 65. Kg6 Rf5 66. Kg7 Rf1 67. Kg6 Rf8 68. Kg5 Rf5+ 69. Kg4 Rf1 70.
Kg3 1/2-1/2

[Event "*** Titled Tuesday Blitz"]
[Site "Chess.com"]
[Date "2020.05.26"]
[Round "3"]
[White "giantslayer83"]
[Black "Mykola-Bortnyk"]
[Result "1-0"]
[WhiteElo "2682"]
[BlackElo "2901"]
[TimeControl "180+1"]
[EndTime "10:28:39 PDT"]
[Termination "giantslayer83 won by resignation"]

1. d4 Nf6 2. Bg5 Ne4 3. Bf4 d5 4. e3 c5 5. Bd3 cxd4 6. exd4 Nc6 7. Bxe4 dxe4 8. d5 e5 9. Be3 Nb4 10. Nc3 f5 11. a3 Na6 12. h4 g6 13. Bg5 Be7 14.
Qd2 h5 15. Nh3 Qd6 16. O-O-O Bd7 17. Bxe7 Kxe7 18. f3 exf3 19. gxf3 Rac8 20. Rhg1 Be8 21. Rde1 Kd8 22. Ng5 Kc7 23. Qh2 b5 24. Qxe5 Qxe5 25.
Rxe5 b4 26. axb4 Nxb4 27. Re7+ Kb6 28. Rd1 Bb5 29. d6 Nc6 30. Rg7 Bc4 31. d7 Rc7 32. Rxg6 Rd8 33. Rgd6 Kb7 34. Na4 Nb4 35. R1d4 a5 36. Nc3 Bg8 37. f4 Nc6 38. Rd2 Nb4 39. Nb5 Rc5 40. Nd4 Rd5 41. Nde6 Bxe6 42. Nxe6 Rxd2 43. Rxd2 Nc6 44. Nxd8+ Nxd8 45. c4 Kc7 46. Kc2 a4 47. Kc3 Nc6 48. Rd5 Kd8 49. Rd6 Ne7 50. Kb4 a3 51. bxa3 Ng8 52. a4 Ne7 53. a5 Ng6 54.
Rxg6 1-0

[Event "*** Titled Tuesday Blitz"]
[Site "Chess.com"]
[Date "2020.05.26"]
[Round "3"]
[White "SketchyMoves"]
[Black "zajka-molotok"]
[Result "1-0"]
[WhiteElo "2635"]
[BlackElo "2352"]
[TimeControl "180+1"]
[EndTime "10:28:39 PDT"]
[Termination "SketchyMoves won by resignation"]

1. b3 d5 2. Bb2 Nf6 3. Nf3 Bf5 4. e3 e6 5. Be2 h6 6. d3 Be7 7. Nbd2 a5 8. a3 O-O 9. O-O c5 10. Re1 a4 11. Bf1 axb3 12. cxb3 Bh7 13. Qc2 Nc6 14. Rac1 Qb6 15. e4 Rfd8 16. g3 dxe4 17. dxe4 Nd4 18. Nxd4 cxd4 19. b4 e5 20. Bd3 Qe6 21.
Kg2 Rac8 22. Qb3 Qxb3 23. Nxb3 Rxc1 24. Bxc1 Rc8 25. Bd2 Ra8 26. Na5 b6 27. Nc4 Nd7 28. Ra1 f6 29. a4 b5 30. Na5 bxa4 31. Rxa4 Nb6 32. Ra2 Kf8 33. Rc2 Bg8 34. Rc7 Bd6 35.
Rc6 Nc8 36. b5 Ke7 37. b6 Rb8 38. b7 Na7 39. Ra6 Bc5 40. f4 Be6 41. f5 Bd7 42. g4 Kd8 43. h4 Kc7 44. g5 hxg5 45. hxg5 Bb6 46. Nc4 Bc5 47. gxf6 gxf6 48. Rxf6 Kxb7 49. Nxe5 Rg8+ 50. Rg6 Rxg6+ 51. fxg6 Be6 52. Bc4 Bxc4 53. Nxc4 Bf8 54. Nd6+ Kc6 55. Nf5 Nb5 56. Bb4 Bxb4 57. g7 d3 58. g8=Q d2 59. Qd5+ Kb6 60. Ne3 Ka5 61.
Qd3 Ka4 62. Qc2+ Ka5 63. Nc4+ Ka6 64. Qa4+ 1-0

[Event "*** Titled Tuesday Blitz"]
[Site "Chess.com"]
[Date "2020.05.26"]
[Round "3"]
[White "Pavel_Mir"]
[Black "Sankalp_Gupta2003"]
[Result "0-1"]
[WhiteElo "2234"]
[BlackElo "2707"]
[TimeControl "180+1"]
[EndTime "10:28:42 PDT"]
[Termination "Sankalp_Gupta2003 won by resignation"]

1. e4 e6 2. d4 d5 3. Nd2 c5 4. exd5 exd5 5. Ngf3 Nc6 6. Bb5 Bd6 7. dxc5 Bxc5 8. O-O Ne7 9. Nb3 Bd6 10. Bg5 O-O 11. Re1 Bg4 12. h3 Bh5 13. Bxc6 bxc6 14. Nbd4 Qc7 15.
Bxe7 Bxe7 16. Nxc6 Qxc6 17. Rxe7 Qf6 18. Re1 Qxb2 19.
Qxd5 Bxf3 20. Qxf3 Qxc2 21. Qe2 Qa4 22. Qe4 Qa5 23.
Qe5 Qa6 24. Qe2 Qh6 25. Qe3 Qf6 26. Qe5 Qa6 27. Qe2 Qa4 28. Qe4 Qxe4 29. Rxe4 Rfe8 30. Rae1 Kf8 31. Kf1 Rec8 32. Re7 Rc2 33. R7e2 Rac8 34.
Rxc2 Rxc2 35. Re2 Rc1+ 36. Re1 Rc2 37. Re2 Rc1+ 38. Re1 Rxe1+ 39. Kxe1 Ke7 40. Ke2 Kd6 41. Kd3 Kc5 42. Kc3 g5 43. g3 h5 44. h4 gxh4 45.
gxh4 Kd5 46. Kd3 Ke5 47. Ke3 Kf5 48. Kf3 a5 49. a4 f6 50. Ke3 Kg4 51. Ke4 Kxh4 52.
Kf5 Kh3 53. f4 Kg3 54. Kxf6 Kxf4 55. Ke6 h4 56. Kd5 h3 57. Kc5 h2 58. Kb5 h1=Q 59. Kxa5 Qb1 60. Ka6 Ke5 61. a5 Kd6 62. Ka7 Kc7 0-1

[Event "*** Titled Tuesday Blitz"]
[Site "Chess.com"]
[Date "2020.05.26"]
[Round "3"]
[White "BikingBrian"]
[Black "jonaszmb"]
[Result "1-0"]
[WhiteElo "2247"]
[BlackElo "2473"]
[TimeControl "180+1"]
[EndTime "10:28:44 PDT"]
[Termination "BikingBrian won on time"]

1. d4 d5 2. Bf4 Nf6 3. e3 e6 4.
Nd2 c5 5. c3 Nc6 6. Ngf3 cxd4 7. exd4 Nh5 8. Be3 Bd6 9. Ne5 Nf6 10. Ndf3 Qc7 11. Bb5 O-O 12. Bxc6 bxc6 13. O-O Nd7 14. Bf4 f6 15. Nxd7 Bxf4 16. Nxf8 Kxf8 17. Qd3 g6 18. c4 Ba6 19. Qa3+ Bd6 20. Qxa6 Rb8 21. c5 Bf4 22. b3 e5 23. dxe5 fxe5 24. g3 Bh6 25.
Qe2 Bg7 26. Rad1 Kg8 27. Ng5 Qe7 28. h4 e4 29. Qg4 Re8 30. Rfe1 h6 31. Nf3 Qf6 32.
Nd4 Kh7 33. Qd7 Rf8 34. Rf1 Qe5 35. Ne6 Rg8 36. Qxc6 d4 37. Nxd4 e3 38. Qe6 exf2+ 39. Rxf2 Qxg3+ 40. Rg2 Qxh4 41. Qg4 Qf6 42. Rf1 Qxd4+ 43.
Qxd4 Bxd4+ 44. Kh1 Bxc5 45. Rf7+ Rg7 46. Rxg7+ Kxg7 47.
Rc2 Bb6 48. Kg2 h5 49. b4 g5 50. a4 Kg6 51. a5 Bd4 52. b5 g4 53. b6 axb6 54. axb6 h4 55. b7 Be5 56. Rc5 h3+ 57.
Kh1 Bf4 58. Rc4 1-0

[Event "*** Titled Tuesday Blitz"]
[Site "Chess.com"]
[Date "2020.05.26"]
[Round "3"]
[White "antoszu"]
[Black "Saloni1299"]
[Result "0-1"]
[WhiteElo "2495"]
[BlackElo "2305"]
[TimeControl "180+1"]
[EndTime "10:28:45 PDT"]
[Termination "Saloni1299 won by resignation"]

1. d4 Nf6 2. c4 g6 3. Nc3 d5 4.
cxd5 Nxd5 5. e4 Nxc3 6. bxc3 Bg7 7. Nf3 c5 8. Be3 O-O 9. Be2 Qa5 10. O-O Nc6 11.
d5 Ne5 12. Nxe5 Bxe5 13. Rc1 Bxc3 14. Qd3 Bg7 15. Bxc5 Re8 16. Qb5 Qd8 17. Qb3 b6 18. Ba3 Bd7 19. Ba6 e6 20. Bd6 exd5 21. Bb7 dxe4 22. Bxa8 Qxa8 23. Ba3 Be6 24. Qa4 a6 25.
Rfd1 b5 26. Qa5 Bc4 27. Rd7 Bh6 28. Rcd1 Bd3 29. Bb2 Qc6 30. Rc7 Qe6 31. Qc3 f6 32. Rc6 Qg4 33. Re1 Bg5 34. Qd4 Qf5 35. Rc7 e3 36. f3 e2 37. Bc1 Bxc1 38. Rcxc1 Qe5 39. Qxe5 Rxe5 40. Rc6 b4 41. Rxf6 Bc4 42. Rb6 a5 43. Kf2 h5 44. f4 Re4 45. g3 Bxa2 46. Rxe2 Rxe2+ 47. Kxe2 b3 48. Kd2 a4 49. Kc3 a3 50.
Rxb3 Bxb3 51. Kxb3 Kf7 52. Kxa3 Kf6 53. Kb3 Kf5 54. h3 h4 55. gxh4 Kxf4 56. Kc3 Kg3 57. Kd3 Kxh4 58. Ke3 Kxh3 59. Kf4 Kh4 60. Kf3 g5 61. Kf2 Kh3 62. Kf3 g4+ 63. Kf2 Kh2 0-1